 Dungeon Crawl Stone Soup version 0.27.1 (webtiles) character file.

Game seed: 1877949559942608487

32 ABBCCCDDDD the Insei (level 3, -1/26 HPs)
             Began as an Octopode Chaos Knight on Sept 1, 2021.
             Was a Plaything of Xom.
             Slain by an iron imp (7 damage)
             ... summoned by Xom
             ... on level 2 of the Dungeon.
             The game lasted 00:01:45 (1731 turns).

ABBCCCDDDD the Insei (Octopode Chaos Knight)        Turns: 1731, Time: 00:01:46

Health: -1/26      AC:  1    Str: 11    XL:     3   Next: 27%
Magic:  3/3        EV: 13    Int: 15    God:    Xom [...*..]
Gold:   97         SH:  0    Dex: 11    Spells: 2/2 levels left

rFire    . . .     SeeInvis .     - Unarmed
rCold    . . .     Faith    .   (no shield)
rNeg     . . .     Spirit   .   (helmet restricted)
rPois    .         Reflect  .   e - amulet of magic regeneration
rElec    .         Harm     .   (no ring)
rCorr    .         Rampage  .   (no ring)
Will     .....                  (no ring)
Stlth    +++.......             (no ring)
HPRegen  0.08/turn              (no ring)
MPRegen  0.33/turn              (no ring)
                                (no ring)
                                (no ring)

@: no status effects
A: almost no armour, amphibious, 8 rings, camouflage 1, gelatinous body 1,
(nimble swimmer 1), tentacles
a: Renounce Religion


You were on level 2 of the Dungeon.
You worshipped Xom.
You were a favourite toy of Xom.
You visited 1 branch of the dungeon, and saw 2 of its levels.

You collected 97 gold pieces.

Inventory:

Missiles
 a - 4 javelins (quivered)
Jewellery
 e - an amulet of magic regeneration (around mantle)
Scrolls
 c - a scroll of identify {unknown}
 d - a scroll of noise {unknown}
 f - a scroll of blinking {unknown}
 g - 2 scrolls of teleportation {unknown}
 h - a scroll of amnesia {unknown}
 j - a scroll of fog {unknown}
Potions
 b - a potion of brilliance {unknown}
 i - a potion of flight {unknown}


   Skills:
 + Level 3.4 Fighting
 - Level 2.3 Dodging
 + Level 2.2 Stealth
 + Level 3.4 Unarmed Combat


You had 2 spell levels left.
You didn't know any spells.
Your spell library contained the following spells:

 Spells                   Type           Power      Damage    Failure   Level
 Animate Skeleton         Necr           0%         N/A       26%         1
 Pain                     Necr           0%         1d4       26%         1
 Blink                    Tloc           N/A        N/A       38%         2
 Lesser Beckoning         Tloc           0%         N/A       63%         3
 Vampiric Draining        Necr           0%         2d6       63%         3
 Manifold Assault         Tloc           0%         N/A       100%        5


Dungeon Overview and Level Annotations

Branches:
Dungeon (2/15)

Altars:

Shops:
D:2 ?(


Innate Abilities, Weirdness & Mutations

You cannot wear most types of armour.
You are amphibious.
You can wear up to eight rings at the same time.
Your skin changes colour to match your surroundings (Stealth+).
Your rubbery body absorbs attacks. (AC +1, EV +1)
((You are camouflaged near water. (Stealth+)))
You have tentacles for arms and can constrict up to eight enemies at once.


Message History

A rat is nearby!
The rat barely misses you.
You tentacle-slap the rat.
You kill the rat!
No target in view!
No target in view!
You see here a rat corpse.
Xom is getting BORED.
You are now a BORING thing. "Time to have some fun!"
You are now a favourite toy of Xom.
There are monsters nearby!
You tentacle-slap the iron imp. Your grab misses the iron imp.
The iron imp is lightly wounded.
You tentacle-slap the iron imp but do no damage.
Your grab misses the iron imp.
The iron imp is lightly wounded.
The iron imp closely misses you.
You closely miss the iron imp. Your grab misses the iron imp.
Your squeeze misses the iron imp.
The iron imp is lightly wounded.
The iron imp barely misses you. The shadow imp hits you.
You tentacle-slap the iron imp but do no damage.
You grab the iron imp.
The iron imp is lightly wounded.
You constrict the iron imp. The iron imp hits you!
You tentacle-slap the iron imp but do no damage.
The iron imp is moderately wounded.
You constrict the iron imp. The shadow imp gestures at you.
Pain shoots through your body!
You are too injured to fight recklessly!
You are too injured to fight recklessly!
You tentacle-slap the iron imp but do no damage.
The iron imp is moderately wounded.
You constrict the iron imp, but do no damage.
The shadow imp hits you.
* * * LOW HITPOINT WARNING * * *
The iron imp hits you!
You die...

######### ###.......#
#...#####.#####
##♣.♣.#####.#...#
#♣.....♣#......♣5♣ ###
#.........##.#♣P@♣♣.. ..#
♣..♣.♣..♣.##♣♣♣P5P♣.# #.#
#..........♣ ♣P.P♣.# #.#
♣..♣.♣..♣..♣ ♣PP.P♣.# #.#
#........#.♣ P.P♣♣♣.# #.######
#♣.....♣...♣
...♣♣#.####.∩....#
##♣#♣####.♣♣.PP♣.............#
#.♣♣♣♣♣♣.<....#####..# #.#♣♣
#.......#####..#


You could see an iron imp (summoned) and a shadow imp (summoned).

Levels and vault maps discovered:
D:1:      evilmike_arrival_plus, layout_loops_ring
D:2:      layout_loops_cross, serial_forest, infiniplex_forest_straight_2,
          infiniplex_forest_clump_medium, infiniplex_forest_lined_ring,
          infiniplex_forest_lined_1, infiniplex_forest_lined_2,
          infiniplex_forest_end_3, infiniplex_forest_clump_tiny,
          infiniplex_forest_zigzag_1, infiniplex_forest_lined_room_2,
          infiniplex_forest_join, serial_shops, shop, shop

Notes
Turn   | Place    | Note
-------+----------+-------------------------------------------
     0 | D:1      | ABBCCCDDDD the Octopode Chaos Knight began the quest for
                  | the Orb.
     0 | D:1      | Reached XP level 1. HP: 16/16 MP: 1/1
    27 | D:1      | XOM: silly message
   266 | D:1      | Reached skill level 1 in Stealth
   355 | D:1      | Reached XP level 2. HP: 21/21 MP: 2/2
   804 | D:2      | Found Vuebio's Magic Scroll Boutique.
   979 | D:2      | XOM: silly message
  1066 | D:2      | Reached XP level 3. HP: 26/26 MP: 3/3
  1234 | D:2      | XOM: cloud trail
  1594 | D:2      | Found Tete's Weapon Boutique.
  1725 | D:2      | XOM is BORED!
  1725 | D:2      | XOM: summons 2 hostile demons
  1731 | D:2      | Slain by an iron imp

Table legend: (Time is in decaauts)
 A = Elapsed time spent in this place.
 B = Non-inter-level travel time spent in this place.
 C = Inter-level travel time spent in this place.
 D = Time resting spent in this place.
 E = Time spent auto-exploring this place.
 F = Levels seen in this place.
 G = Mean time per level.
                   A        B        C        D        E       F      G
               +--------+--------+--------+--------+--------+-----+--------+
         Total |   1728 |   1716 |     12 |    572 |    925 |   2 |  864.0 |
       Dungeon |   1728 |   1716 |     12 |    572 |    925 |   2 |  864.0 |
               +--------+--------+--------+--------+--------+-----+--------+

Top non-repeatable levels by time:
     D:2: 925 daAuts
     D:1: 803 daAuts

Table legend:
 A = Kills in this place as a percentage of kills in entire the game.
 B = Kills by you in this place as a percentage of kills by you in the entire game.
 C = Kills by friends in this place as a percentage of kills by friends in the entire game.
 D = Other kills in this place as a percentage of other kills in the entire game.
 E = Experience gained in this place as a percentage of experience gained in the entire game.
 F = Experience gained in this place divided by the number of levels of this place that you have seen.
                   A       B       C       D       E      F
               +-------+-------+-------+-------+-------+----------------------
         Total | 100.0 | 100.0 |   N/A |   N/A | 100.0 |  23.5
       Dungeon | 100.0 | 100.0 |   N/A |   N/A | 100.0 |  23.5
               +-------+-------+-------+-------+-------+----------------------

Action                   || total
-------------------------++-------
Melee: Unarmed           ||    82
       Tentacles         ||    21
       Constrict         ||     7
       Punch             ||     4
Throw: Javelin           ||     5
 Stab: Sleeping          ||     7
Armor: Skin              ||     5
Dodge: Dodged            ||    20

Vanquished Creatures
  An adder (D:2)
  2 bats
  4 endoplasms
  A giant cockroach (D:2)
  4 goblins
  A hobgoblin (D:1)
  3 jackals (D:2)
  A ball python (D:1)
  2 frilled lizards (D:1)
  2 rats
21 creatures vanquished.

Vanquished Creatures (others)
  2 plants (D:2)
2 creatures vanquished.

Grand Total: 23 creatures vanquished
